 Dungeon Crawl Stone Soup version 0.27-a0-892-gd1b0476 (webtiles) character file.

Game seed: 9201184339266486375

8 Nithhogg the Skirmisher (level 2, 24/24 HPs)
             Began as a Demonspawn Fighter on Apr 5, 2021.
             Was a Follower of Wu Jian.
             Quit the game on level 1 of the Dungeon.
             The game lasted 00:01:03 (617 turns).

Nithhogg the Skirmisher (Demonspawn Fighter)         Turns: 617, Time: 00:01:03

Health: 24/24      AC:  6    Str: 16    XL:     2   Next: 0%
Magic:  2/2        EV:  9    Int:  9    God:    Wu Jian [*.....]
Gold:   13         SH:  0    Dex: 12    Spells: 1/1 levels left

rFire    . . .     SeeInvis .   a - +0 long sword
rCold    . . .     Faith    .   (no shield)
rNeg     . . .     Spirit   .   b - +0 scale mail
rPois    .         Reflect  .   (no helmet)
rElec    .         Harm     .   (no cloak)
rCorr    .         Rampage  .   (no gloves)
Will     .....                  (no boots)
Stlth    ..........             (no amulet)
HPRegen  0.08/turn              (no ring)
MPRegen  0.16/turn              (no ring)

@: no status effects
A: magic regeneration
a: Renounce Religion


You were on level 1 of the Dungeon.
You worshipped Wu Jian.
Wu Jian was aware of your devotion.
You visited 1 branch of the dungeon, and saw 1 of its levels.

You collected 13 gold pieces.

Inventory:

Hand Weapons
 a - a +0 long sword (weapon)
Armour
 b - a +0 scale mail (worn)
 c - a +0 kite shield
Scrolls
 e - a scroll of fear {unknown}
Potions
 d - a potion of might


   Skills:
 + Level 3.1 Fighting
 * Level 2.1 Long Blades
 + Level 2.8 Armour
 + Level 0.3 Dodging
 - Level 2.6 Shields


You had one spell level left.
You didn't know any spells.
Your spell library was empty.

Dungeon Overview and Level Annotations

Branches:
Dungeon (1/15)

Altars:
Wu Jian


Innate Abilities, Weirdness & Mutations

You regenerate magic rapidly.


Message History

A kobold comes into view. It is wielding a +0 short sword.
The kobold shouts!
A kobold is nearby!
You lunge at the kobold.
You closely miss the kobold.
The kobold hits you with a +0 short sword.
You slash the kobold!
You kill the kobold!
The Council accepts your kill.
No target in view!
No target in view!
No target in view!
No target in view!
No target in view!
No target in view!
No target in view!
A rat comes into view.
You see here a +0 short sword.
You lunge at the rat.
You barely miss the rat. The rat barely misses you.
You riposte.
You hit the rat.
You kill the rat!
The Council accepts your kill.
No target in view!
No target in view!
No target in view!
No target in view!
No target in view!
No target in view!
A bat comes into view.
Found 19 stones.
A bat is nearby!
You hit the bat.
The bat is severely wounded.
The bat barely misses you. The bat hits you but does no damage.
You hit the bat.
You kill the bat!
The Council accepts your kill.
You have reached level 2!
Your demonic ancestry asserts itself...
Your magic begins to regenerate rapidly.
Are you sure you want to abandon this character and quit the game? (Confirm with "yes".)

#.# ........)#######
#.# .#.##.#..#......
##.## #...........
#...## #...........
#....#
....###.####..
#....# ###. #.# #.#
####.#### #######.#
#.# #.# #.......#
#......(. ..# #.#
#.##.##.# #@# ###
...
#.##.##.####.####.#.
...
#.##...)............
#.#####.####.####.##
#.#####.# #.#
#.......# #..
######### ####


There were no monsters in sight!

Vanquished Creatures
  A ball python (D:1)
  An endoplasm (D:1)
  A goblin (D:1)
  A bat (D:1)
  A frilled lizard (D:1)
  2 kobolds (D:1)
  A rat (D:1)
8 creatures vanquished.

Notes
Turn   | Place    | Note
-------+----------+-------------------------------------------
     0 | D:1      | Nithhogg the Demonspawn Fighter began the quest for the
                  | Orb.
     0 | D:1      | Reached XP level 1. HP: 18/18 MP: 1/1
    15 | D:1      | Found a faded altar of an unknown god.
   279 | D:1      | Became a worshipper of the Wu Jian Council
   279 | D:1      | Reached * piety under Wu Jian
   617 | D:1      | Gained mutation: You regenerate magic rapidly. [demonic
                  | ancestry]
   617 | D:1      | Reached XP level 2. HP: 24/24 MP: 2/2
   617 | D:1      | Quit the game

Illustrated notes

Levels and vault maps discovered:
D:1:      moated_graveyard_arrival, layout_loops_cross, basic_ecumenical_altar

Skill      XL: |  1 |
---------------+----+-----
Long Blades    | 2 |  2.1
Fighting       | |  3.1
Armour         | |  2.8
Dodging        | |  0.3
Shields        | |  2.6

Action                   || total
-------------------------++-------
Melee: Long sword        ||    24
Invok: Lunge             ||     3
Armor: Scale mail        ||    10
Dodge: Dodged            ||     7
Block: Kite shield       ||     2
       Rpst.: Long sword ||     2

Table legend: (Time is in decaauts)
 A = Elapsed time spent in this place.
 B = Non-inter-level travel time spent in this place.
 C = Inter-level travel time spent in this place.
 D = Time resting spent in this place.
 E = Time spent auto-exploring this place.
 F = Levels seen in this place.
 G = Mean time per level.
                   A        B        C        D        E       F      G
               +--------+--------+--------+--------+--------+-----+--------+
         Total |    624 |    624 |      0 |      0 |    548 |   1 |  624.0 |
       Dungeon |    624 |    624 |      0 |      0 |    548 |   1 |  624.0 |
               +--------+--------+--------+--------+--------+-----+--------+

Top non-repeatable levels by time:
     D:1: 624 daAuts
